 Dungeon Crawl Stone Soup version 0.30-a0-1103-g25895a7845 (webtiles) character file.

Game seed: 3625227515638141861

63114 jasper the Brawler (level 14, -14/118 (128) HPs)
             Began as a Troll Delver on Apr 18, 2023.
             Was a High Priest of Hepliaklqana.
             Demolished by a soul eater (20 damage)
             ... on level 2 of the Orcish Mines.
             The game lasted 00:29:54 (15336 turns).

jasper the Brawler (Troll Delver)                  Turns: 15336, Time: 00:29:55

HP:   -14/118 (128) AC:  8    Str: 27      XL:     14   Next: 66%
MP:   20/20         EV: 16    Int:  5 (6)  God:    Hepliaklqana [*****.]
Gold: 2367          SH: 11    Dex: 11      Spells: 13/13 levels left

rFire   . . .      SeeInvis .      - Unarmed
rCold   + . .      Faith    .    t - +1 kite shield
rNeg    . . .      Spirit   .    M - +0 troll leather armour
rPois   .          Reflect  .    F - +1 hat
rElec   .          Rampage  .    y - +0 cloak
rCorr   .                        (gloves unavailable)
Will    +....                    (boots unavailable)
Stlth   ++                       v - amulet of regeneration
HPRegen 2.79/turn                I - +5 ring of evasion
MPRegen 0.17/turn                E - ring of protection from cold

@: studying Invocations, drained, invisible
A: reduced essence, large, unfitting armour, claws 3, regeneration 1, shaggy fur
1, tough skin 1
a: Renounce Religion, Recall Ancestor, Ancestor Identity, Transference, Idealise


You were on level 2 of the Orcish Mines.
You worshipped Hepliaklqana.
Hepliaklqana was extremely pleased with you.
You visited 4 branches of the dungeon, and saw 18 of its levels.
You also visited: Bailey.

You collected 3572 gold pieces.
You spent 1205 gold pieces at shops.

Inventory:

Hand Weapons
 n - a +4 sling of draining
Missiles
 C - 8 javelins
 G - 5 curare-tipped darts
 H - 8 boomerangs (quivered)
 O - a throwing net
 P - 11 poisoned darts
Armour
 t - a +1 kite shield (worn)
 y - a +0 cloak (worn)
 F - a +1 hat (worn)
 M - a +0 troll leather armour (worn)
Jewellery
 i - an amulet of reflection
 m - a ring of willpower
 v - an amulet of regeneration (around neck)
 E - a ring of protection from cold (right claw)
 I - a +5 ring of evasion (left claw)
 J - a ring of flight
Wands
 a - a wand of polymorph (4)
 f - a wand of digging (8)
 x - a wand of light (1)
 z - a wand of flame (9)
 D - a wand of mindburst (10)
 Q - a wand of roots (4)
 R - a wand of paralysis (8)
Scrolls
 b - 3 scrolls of fog
 c - 7 scrolls of magic mapping
 d - 3 scrolls of fear
 g - 2 scrolls of enchant weapon
 h - a scroll of immolation
 u - 8 scrolls of teleportation
 w - a scroll of enchant armour
 B - a scroll of silence
 N - a scroll of brand weapon
 T - 2 scrolls of poison
 X - 5 scrolls of identify
 Z - a scroll of amnesia
Potions
 e - 2 potions of haste
 j - 6 potions of mutation
 k - 8 potions of flight
 l - 3 potions of ambrosia
 o - 5 potions of attraction
 p - 3 potions of might
 q - a potion of berserk rage {unknown}
 r - 2 potions of brilliance
 s - a potion of magic
 L - 2 potions of degeneration
 W - 2 potions of heal wounds {unknown}
 Y - a potion of cancellation {unknown}
Miscellaneous
 A - a phial of floods (inert)
 S - a lightning rod (4/4)


   Skills:
 + Level 10.0 Fighting
 + Level 5.3 Throwing
 + Level 1.8 Armour
 + Level 9.8 Dodging
 - Level 2.7 Stealth
 - Level 9.0 Shields
 * Level 16.1 Unarmed Combat
 + Level 9.4 Invocations


You had 13 spell levels left.
You didn't know any spells.
Your spell library contained the following spells:

 Spells                   Type           Power      Damage    Failure   Level
 Dazzling Flash           Conj/Hex       0%         N/A       98%         3
 Ignite Poison            Fire/Tmut/Pois 0%         N/A       98%         3
 Inner Flame              Hex/Fire       0%         N/A       98%         3
 Summon Guardian Golem    Hex/Summ       0%         N/A       98%         3
 Vhi's Electric Charge    Tloc/Air       0%         N/A       98%         3
 Volatile Blastmotes      Fire/Tloc      0%         2d10      98%         3
 Iskenderun's Mystic Bla  Conj/Tloc      0%         2d3       100%        4
 Sticky Flame             Conj/Fire      0%         2d3       100%        4
 Arcjolt                  Conj/Air       0%         1d10      100%        5
 Yara's Violent Unravell  Hex/Tmut       0%         3d3       100%        5
 Conjure Ball Lightning   Conj/Air       0%         3x3d6     100%        6
 Starburst                Conj/Fire      0%         6d3       100%        6
 Enfeeble                 Hex            0%         N/A       100%        7
 Orb of Destruction       Conj           0%         9d5       100%        7
 Spellforged Servitor     Conj/Summ      0%         N/A       100%        7
 Discord                  Hex            0%         N/A       100%        8
 Disjunction              Tloc           0%         N/A       100%        8
 Ignition                 Fire           0%         3d3       100%        8
 Maxwell's Capacitive Co  Air            0%         ∞         100%        8
 Chain Lightning          Conj/Air       0%         N/A       100%        9
 Fire Storm               Conj/Fire      0%         5d1       100%        9
 Shatter                  Erth           0%         3d5*      100%        9


Dungeon Overview and Level Annotations

Branches:
Dungeon (10/15)            Temple (1/1) D:5            Lair (5/5) D:9
  Swamp (0/4) Lair:2       Spider (0/4) Lair:3        Slime (0/5) Lair:4
    Orc (2/2) D:9             Elf (0/3) Orc:2        Bailey (visited)

Altars:
Ashenzari
Cheibriados
Dithmenos
Elyvilon
Fedhas
Gozag
Hepliaklqana
Kikubaaqudgha
Makhleb
Nemelex Xobeh
Okawaru
Qazlal
Ru
Sif Muna
Trog
Uskayaw
Vehumet
Wu Jian
Xom
Yredelemnul
Zin
The Shining One
Jiyva

Shops:
D:5 :((:   D:9 [   Orc:2 ??

Annotations:
Lair:1 exclusion: 2 oklob plants
Orc:1 2 transporters, Wixter's ghost, journeyman DECj


Innate Abilities, Weirdness & Mutations

Your life essence is reduced to manifest your ancestor. (-10% HP)
You are too large for most types of armour.
You have claws for hands.
Your natural rate of healing is unusually fast.
You are covered in fur. (AC +1)
You have tough skin. (AC +1)


Message History

Items here: )) [[ †.
You take 15 damage, and have 58/125 hp.
You mangle the orc sorcerer!!
The orc sorcerer is severely wounded.
The neqoxec is engulfed in seething chaos.
The neqoxec suddenly seems more agile.
You block the neqoxec's attack.
The orc sorcerer points at you and mumbles some strange words.
The bolt of negative energy hits you!!!
You feel drained.
* * * LOW HITPOINT WARNING * * *
You take 39 damage, and have 19/117 hp.
MASSIVE DAMAGE!!
You claw the orc sorcerer!
You kill the orc sorcerer!
The neqoxec is no longer berserk.
The neqoxec disappears in a puff of smoke!
The orc warrior hits you with a +0 halberd!
* * * LOW HITPOINT WARNING * * *
You take 6 damage, and have 13/118 hp.
You feel better.
You regained 10 hp, and now have 23/118 hp.
You fade into invisibility!
The orc sorcerer is no longer paralysed.
You block the demonspawn's attack. x2; The demonspawn completely misses you.
The orc warrior hits you from afar with a +0 halberd!
* * * LOW HITPOINT WARNING * * *
You take 9 damage, and have 14/118 hp.
You mangle the demonspawn!!
The demonspawn is moderately wounded.
The demonspawn hits you.
* * * LOW HITPOINT WARNING * * *
The demonspawn barely misses you. The demonspawn gores you.
* * * LOW HITPOINT WARNING * * *
The soul eater completely misses you. You block the orc sorcerer's attack.
The orc warrior unwields a +0 halberd.
The orc warrior wields a +0 arbalest.
The orc warrior shoots a bolt.
The bolt hits the soul eater.
You take 8 damage, and have 6/118 hp.
The orc sorcerer attacks as you move away!
You block the orc sorcerer's attack.
The soul eater attacks as you move away!
The soul eater hits you!!
You die...

#.##...............###.###.)###..
..................###)).###.)###.
...#.............###)#)#.###..###
#...............###)).#...###.)##
...............###)))###...###..#
..............###...## ##...###..
.......#.....###...## . ##..)....
##.....#....###...##§.# ##...#..
##.#.#....###.#@##..# ##....#
##........###..o36..# ##....
#........###...o.#.## ##..#
##...##...###....^..# ##....
#####....# ##.#.##..# ##....#
##.### ##)..##..# ##...#). ###
#^..##...##....)))
##.§.##.##...###))
##§..###...###))#


You could see a demonspawn (unable to see you), a soul eater, an orc sorcerer
and an orc warrior (unable to see you).

Vanquished Creatures
  2 hydras
  2 centaur warriors (D:9)
  2 anacondas (Lair:5)
  9 death yaks (Lair:5)
  An alligator (Lair:5)
  A two-headed ogre (D:9)
  4 orc high priests (Orc:2)
  A skyshark (Lair:5)
  A fire crab (Lair:5)
  A goliath frog (Lair:5)
  An orb spider (Lair:3)
  4 orc knights
  A deep elf pyromancer (D:9)
  3 orc sorcerers
  9 elephants
  3 black mambas
  10 cane toads
  An efreet (D:10)
  Psyche (D:7)
  6 komodo dragons
  An ice devil (Orc:2)
  3 rime drakes
  A freezing wraith (D:10)
  2 trolls
  A tyrant leech (Lair:4)
  Prince Ribbit (D:7)
  2 hornets
  17 blink frogs
  3 dream sheep (Lair:5)
  Sigmund (D:5)
  A basilisk (D:10)
  8 yaks
  A wraith (D:9)
  A steam dragon (Lair:5)
  A chaos spawn (Orc:2)
  3 wargs (D:9)
  7 vampire mosquitoes
  Menkaure (D:7)
  2 acid dragons (D:9)
  Edmund (D:4)
  5 water moccasins
  16 orc warriors
  A black bear (D:8)
  An ice beast (D:5)
  16 wolves
  4 ogres
  5 centaurs
  6 kobold brigands
  9 bullfrogs
  2 gnoll sergeants
  5 scorpions
  3 wights (D:9)
  8 killer bees
  5 howler monkeys
  2 electric eels (Lair:5)
  7 hounds
  A jelly (D:6)
  A sleepcap (D:5)
  Crazy Yiuf (D:5)
  A gnoll bouda (D:9)
  15 orc priests
  5 orc wizards
  2 iguanas (D:5)
  Robin (D:2)
  7 adders
  10 gnolls
  A shadow imp (D:6)
  2 white imps (D:5)
  An ufetubus (D:6)
  A worm (D:4)
  4 dart slugs
  46 orcs
  7 ball pythons
  2 bats
  4 endoplasms
  A giant cockroach (D:4)
  21 goblins
  11 hobgoblins
  5 jackals
  21 kobolds
  4 quokkas
  4 frilled lizards
  3 rats
398 creatures vanquished.

Vanquished Creatures (collateral kills)
  2 hydras (Lair:5)
  2 centaur warriors (D:9)
  A demonspawn (Orc:2)
  A two-headed ogre (D:9)
  An orc high priest (Orc:2)
  A skyshark (Lair:5)
  Pikel (D:8)
  An orc knight (Orc:2)
  6 elephants
  A black mamba (Lair:2)
  9 cane toads
  A torpor snail (Lair:5)
  4 komodo dragons
  A tyrant leech (Lair:5)
  A hornet (D:9)
  A dream sheep (Lair:5)
  10 blink frogs
  A vampire (D:9)
  3 wyverns
  5 yaks
  2 basilisks
  3 vampire mosquitoes
  2 water moccasins
  A sky beast (D:8)
  12 orc warriors
  3 ogres
  7 wolves
  2 centaurs (D:9)
  A kobold brigand (D:9)
  4 bullfrogs
  A scorpion (Lair:5)
  3 wights (D:9)
  4 killer bees
  A jelly (D:8)
  6 orc priests
  A sleepcap (D:8)
  A gnoll bouda (D:8)
  An orc wizard (D:9)
  A centaur simulacrum (D:10)
  2 gnolls
  A white imp (D:7)
  13 orcs
  3 goblins
  A hobgoblin (Bailey)
  10 kobolds
139 creatures vanquished.

Vanquished Creatures (others)
  16 battlemagi
  3 ancestors
  2 orcs (D:8)
  A kobold (D:9)
  20 fungi
  102 plants
144 creatures vanquished.

Grand Total: 681 creatures vanquished

Notes
Turn   | Place    | Note
-------+----------+-------------------------------------------
     0 | D:5      | jasper the Troll Delver began the quest for the Orb.
     0 | D:5      | Reached XP level 1. HP: 22/22 MP: 0/0
    17 | D:5      | Noticed a hound
    26 | D:5      | Killed a hound
    27 | D:5      | Reached XP level 2. HP: 21/29 MP: 1/1
    27 | D:5      | Reached XP level 3. HP: 27/36 MP: 2/2
    37 | D:5      | Noticed Sigmund
    47 | D:5      | Killed Sigmund
    48 | D:5      | Reached skill level 4 in Unarmed Combat
    48 | D:5      | Reached XP level 4. HP: 29/45 MP: 3/3
    48 | D:5      | Reached XP level 5. HP: 35/53 MP: 4/4
   678 | D:1      | Reached XP level 6. HP: 61/61 MP: 5/5
  1406 | D:2      | Noticed Robin
  1419 | D:2      | Killed Robin
  1670 | D:2      | Reached skill level 5 in Unarmed Combat
  1784 | D:3      | Found a glowing golden altar of the Shining One.
  2275 | D:3      | Reached XP level 7. HP: 65/68 MP: 6/6
  2871 | D:4      | Identified the +3 long sword of Sulphur {distort, rF+ rC+
                  | Int+2}
  2984 | D:4      | Reached skill level 1 in Shields
  3343 | D:5      | Noticed Edmund
  3363 | D:4      | Killed Edmund
  3364 | D:4      | Reached skill level 6 in Unarmed Combat
  3479 | D:5      | Reached XP level 8. HP: 58/79 MP: 7/7
  3505 | D:5      | Found Raudae's Weapon Emporium.
  3549 | D:5      | Found Wamaca's Antique Weapon Emporium.
  3550 | D:5      | Found Noixiuscha's Book Shoppe.
  3646 | D:5      | Reached skill level 7 in Unarmed Combat
  3756 | D:5      | Found a staircase to the Ecumenical Temple.
  3767 | D:5      | Found Jainayk's Book Emporium.
  3778 | Temple   | Entered the Ecumenical Temple
  4020 | Temple   | Became a worshipper of Hepliaklqana the Forgotten
  4269 | D:5      | Found a runed translucent door.
  4270 | D:5      | Noticed Crazy Yiuf
  4404 | D:5      | Killed Crazy Yiuf
  5133 | D:7      | Reached * piety under Hepliaklqana
  5138 | D:7      | Noticed Menkaure
  5146 | D:7      | Killed Menkaure
  5210 | D:7      | Reached skill level 5 in Fighting
  5232 | D:7      | Noticed Prince Ribbit
  5238 | D:7      | Killed Prince Ribbit
  5239 | D:7      | Reached skill level 8 in Unarmed Combat
  5239 | D:7      | Reached XP level 9. HP: 79/79 MP: 8/8
  5607 | D:8      | Noticed Psyche
  5649 | D:7      | Killed Psyche
  5650 | D:7      | Reached skill level 5 in Dodging
  5878 | D:8      | Reached skill level 9 in Unarmed Combat
  5982 | D:8      | Reached ** piety under Hepliaklqana
  5983 | D:8      | Remembered your ancestor jasper Sr as a battlemage
  6254 | D:8      | Found a flagged portal.
  6272 | Bailey   | Entered a bailey
  6298 | Bailey   | Noticed an orc knight
  6313 | Bailey   | Killed an orc knight
  6366 | Bailey   | Reached XP level 10. HP: 68/88 MP: 9/9
  6451 | Bailey   | Reached skill level 5 in Shields
  6678 | D:8      | Noticed Pikel
  6683 | D:8      | Killed Pikel
  6684 | D:8      | Reached skill level 10 in Unarmed Combat
  7149 | D:9      | Found a staircase to the Orcish Mines.
  7201 | D:9      | Found Wesinis's Armour Shop.
  7209 | D:9      | Bought a +1 hat for 143 gold pieces
  7270 | D:9      | Found a staircase to the Lair.
  7485 | D:9      | Noticed a two-headed ogre
  7493 | D:9      | Killed a two-headed ogre
  7494 | D:9      | Reached skill level 11 in Unarmed Combat
  7517 | D:9      | Noticed a centaur warrior
  7519 | D:9      | Found a bloodstained altar of Trog.
  7519 | D:9      | Found a sacrificial altar of Ru.
  7521 | D:9      | Found a blossoming altar of Fedhas.
  7521 | D:9      | Found a hazy altar of Hepliaklqana.
  7534 | D:9      | Killed a centaur warrior
  7535 | D:9      | Reached XP level 11. HP: 62/98 MP: 10/10
  7571 | D:9      | Identified the +4 shortbow of Compulsion {drain, MP+9 Int+3
                  | Dex+5 Stlth-}
  7720 | D:9      | Noticed a centaur warrior
  7721 | D:9      | Noticed a centaur warrior
  7721 | D:9      | Noticed a two-headed ogre
  7722 | D:9      | Noticed a deep elf pyromancer
  7723 | D:9      | Killed a centaur warrior
  7732 | D:9      | Killed a two-headed ogre
  7733 | D:9      | Reached skill level 12 in Unarmed Combat
  7742 | D:9      | Killed a deep elf pyromancer
  7760 | D:9      | Killed a centaur warrior
  7777 | D:9      | Noticed a centaur warrior
  7792 | D:9      | Killed a centaur warrior
  7846 | D:9      | Identified the staff of air "Reph" {rElec rPois rF+ Int+2}
  8237 | D:10     | Entered Level 10 of the Dungeon
  8253 | D:10     | Reached *** piety under Hepliaklqana
  8286 | D:10     | Noticed a tengu warrior
  8286 | D:10     | Noticed a deep elf pyromancer
  8287 | D:10     | Noticed a wolf spider
  8377 | Lair:1   | Entered Level 1 of the Lair of Beasts
  8522 | Lair:1   | Noticed an oklob plant
  8535 | Lair:1   | Identified a scroll of acquirement
  8535 | Lair:1   | Acquired 935 gold pieces
  8704 | D:5      | Bought a manual of Invocations for 880 gold pieces
  8863 | Lair:1   | Found a blossoming altar of Fedhas.
  9028 | Lair:1   | Reached **** piety under Hepliaklqana
  9116 | Lair:1   | Noticed an oklob plant
  9153 | Lair:2   | Reached skill level 1 in Invocations
  9154 | Lair:2   | Reached XP level 12. HP: 107/107 MP: 11/11
  9176 | Lair:2   | Reached skill level 13 in Unarmed Combat
  9353 | Lair:2   | Found a staircase to the Swamp.
 10635 | Lair:3   | Found a hole to the Spider Nest.
 10692 | Lair:3   | Reached ***** piety under Hepliaklqana
 11181 | Lair:4   | Reached skill level 5 in Invocations
 11190 | Lair:4   | Reached skill level 1 in Throwing
 11195 | Lair:4   | Reached skill level 14 in Unarmed Combat
 11328 | Lair:4   | Found a staircase to the Slime Pits.
 11330 | Lair:4   | Found a viscous altar of Jiyva.
 11627 | Lair:4   | Noticed a six-headed hydra
 11653 | Lair:4   | Killed a six-headed hydra
 11670 | Lair:4   | Reached XP level 13. HP: 67/115 MP: 16/16
 11902 | Lair:5   | Entered Level 5 of the Lair of Beasts
 12608 | Lair:5   | Reached skill level 15 in Unarmed Combat
 12795 | Lair:5   | Reached XP level 14. HP: 126/126 MP: 18/18
 13621 | Orc:1    | Entered Level 1 of the Orcish Mines
 13792 | Orc:1    | Found a transporter.
 13821 | Orc:1    | Found a transporter.
 13824 | Orc:1    | Noticed Wixter's ghost (journeyman DECj)
 13825 | Orc:1    | Identified the +5 dire flail "Sarcophage" {freeze, rElec
                  | Dex+4}
 13851 | Orc:1    | Found a bloodstained altar of Trog.
 14216 | Orc:2    | Entered Level 2 of the Orcish Mines
 14721 | Orc:2    | Found Ceupreul's Magic Scroll Emporium.
 14735 | Orc:2    | Found Peraphio's Magic Scroll Shoppe.
 14801 | Orc:2    | Bought a scroll of teleportation for 42 gold pieces
 14803 | Orc:2    | Bought a scroll of teleportation for 42 gold pieces
 14803 | Orc:2    | Bought a scroll of teleportation for 42 gold pieces
 14803 | Orc:2    | Bought a scroll of immolation for 56 gold pieces
 14815 | Orc:2    | Reached skill level 5 in Throwing
 14883 | Orc:2    | Found a staircase to the Elven Halls.
 15113 | Orc:2    | Reached skill level 1 in Armour
 15263 | Orc:2    | Reached skill level 16 in Unarmed Combat
 15310 | Orc:2    | Reached skill level 10 in Fighting
 15320 | Orc:2    | Paralysed by an orc sorcerer for 4 turns
 15336 | Orc:2    | Demolished by a soul eater

Illustrated notes

Levels and vault maps discovered:
D:1:      lemuel_arrival_behind_the_door_small, layout_loops_ring
D:2:      layout_basic, serial_bayou_pond_b, kennysheep_generic_room_7,
          uniq_robin
D:3:      layout_basic, lemuel_round_altar, minmay_misc_feat_tower
D:4:      layout_basic, fountainhead, nicolae_concentric_dashed_squares_wild,
          kennysheep_generic_room_3
D:5:      layout_cave_pools, minmay_temple_entry_statues_pillars, serial_shops,
          shop, nicolae_book_shop_shelving, nicolae_shop_tiny_waterfront,
          nicolae_shop_peninsula, grunt_decor_clamped, grunt_ministairs_13,
          nrook_pool_corridor, uniq_edmund, uniq_sigmund,
          uniq_crazy_yiuf_cottage
D:6:      layout_basic
D:7:      layout_rooms, uniq_prince_ribbit1, uniq_menkaure
D:8:      layout_gridville, enter_bailey_5, uniq_psyche, uniq_pikel
D:9:      minmay_the_grid_octo_tiled_octocenter
          [minmay_the_grid_octo_fan_narrow, minmay_the_grid_octo_shrine,
          minmay_the_grid_octo_pinwheel, minmay_the_grid_octo_fat_diamond,
          minmay_the_grid_octo_prize_star, minmay_the_grid_square_5x5_inset,
          minmay_the_grid_square_5x5_seven,
          minmay_the_grid_square_5x5_pentomino_r, minmay_the_grid_square_5x5_c],
          layout_long_grid, erik_lair_orcish_takeover, serial_shops, shop
D:10:     layout_irregular_city, minivault_28
Temple:   mainiacjoe_temple_starburst
Lair:1:   minmay_lair_oklob_chamber, layout_big_grid, basic_altar
Lair:2:   layout_cave_pods, minmay_swamp_entry_swarm, minivault_11,
          serial_bayou_shore_b, grunt_megastairs_1
Lair:3:   layout_small_grid, nicolae_spider_entry_orb_guardian
Lair:4:   layout_roguey, slime_entry_1, grunt_megastairs_4, lemuel_fruit_tree
Lair:5:   minmay_lair_end_frog_pond, layout_small_grid,
          chequers_serial_rivers_large_b, nicolae_lair_lakeside_cave
Orc:1:    layout_caves, gammafunk_ghost_smash, basic_altar, mines2_david
Orc:2:    pf_orc_diabolical, layout_diamond_mine

Skill      XL: |  1  2  3  4  5  6  7  8  9 10 11 12 13 14 |
---------------+-------------------------------------------+-----
Dodging        | 2 3 4 5 6 7 8 9 |  9.8
Fighting       | 3 4 5 6 7 8 9 10 | 10.0
Unarmed Combat | 4 5 6 8 9 11 12 14 15 16 | 16.1
Shields        | 2 3 4 6 7 8 9 |  9.0
Invocations    | 1 5 7 9 |  9.4
Throwing       | 1 4 5 |  5.3
Armour         | 1 |  1.8
Stealth        | |  2.7

Action                     |  1- 3 |  4- 6 |  7- 9 | 10-12 | 13-15 || total
---------------------------+-------+-------+-------+-------+-------++-------
  Melee: Unarmed           |    13 |   113 |   182 |   386 |   463 ||  1157
         Punch             |       |     7 |       |       |       ||     7
   Fire: Sling             |       |    87 |   136 |     5 |       ||   228
  Throw: Javelin           |       |       |     3 |       |       ||     3
         Boomerang         |       |       |       |    14 |   136 ||   150
 Invoke: Ancestor Identity |       |       |     1 |       |       ||     1
         Ancestor Life: Ba |       |       |     1 |       |       ||     1
         Recall Ancestor   |       |       |       |       |     1 ||     1
  Evoke: Wand              |       |       |     3 |     4 |     9 ||    16
         Lightning rod     |       |       |       |     7 |       ||     7
         Phial of floods   |       |       |       |       |     1 ||     1
    Use: Scroll            |       |     3 |    12 |     9 |     4 ||    28
         Potion            |       |       |     2 |     1 |     2 ||     5
   Stab: Distracted        |       |       |     1 |     3 |     4 ||     8
         Invisible         |       |       |     1 |     1 |       ||     2
         Sleeping          |       |       |       |     2 |       ||     2
 Armour: Robe              |     1 |    38 |    51 |    93 |    41 ||   224
         Troll leather arm |       |       |       |       |    22 ||    22
  Dodge: Dodged            |     4 |    77 |    76 |   256 |   229 ||   642
  Block: Kite shield       |       |     1 |    80 |   248 |   240 ||   569

Table legend: (Time is in decaauts)
 A = Elapsed time spent in this place.
 B = Non-inter-level travel time spent in this place.
 C = Inter-level travel time spent in this place.
 D = Time resting spent in this place.
 E = Time spent auto-exploring this place.
 F = Levels seen in this place.
 G = Mean time per level.
                   A        B        C        D        E       F      G
               +--------+--------+--------+--------+--------+-----+--------+
         Total |  15324 |  14198 |   1126 |    453 |  10330 |  19 |  806.5 |
       Dungeon |   8044 |   7378 |    666 |    218 |   5475 |  10 |  804.4 |
        Temple |    298 |    243 |     55 |      0 |    231 |   1 |  298.0 |
          Lair |   4928 |   4562 |    366 |     83 |   3363 |   5 |  985.6 |
  Orcish Mines |   1671 |   1633 |     38 |    111 |   1084 |   2 |  835.5 |
        Bailey |    381 |    381 |      0 |     41 |    177 |   1 |  381.0 |
               +--------+--------+--------+--------+--------+-----+--------+

Top non-repeatable levels by time:
  Lair:5: 1504 daAuts
     D:9: 1313 daAuts
   Orc:2: 1097 daAuts
     D:8: 1087 daAuts
  Lair:2: 1023 daAuts
  Lair:3: 968 daAuts
     D:5: 961 daAuts
     D:3: 942 daAuts
     D:4: 895 daAuts
  Lair:4: 851 daAuts
     D:1: 752 daAuts
     D:6: 731 daAuts
     D:2: 699 daAuts
  Lair:1: 580 daAuts
   Orc:1: 574 daAuts
